 Dungeon Crawl Stone Soup version 0.30.0-5-g1a98f26d00 (webtiles) character file.

Game seed: 4776049351708390438

63 GigaChad the Shield-Bearer (level 4, 0/37 HPs)
             Began as a Formicid Fighter on May 12, 2023.
             Slain by a gnoll
             ... wielding a +0 spear
              (1 damage)
             ... on level 2 of the Dungeon.
             The game lasted 00:01:02 (959 turns).

GigaChad the Shield-Bearer (Formicid Fighter)        Turns: 959, Time: 00:01:03

Health: 0/37       AC:  7    Str: 23    XL:     4   Next: 30%
Magic:  4/4        EV:  9    Int:  7    God:
Gold:   87         SH:  5    Dex: 13    Spells: 3/3 levels left

rFire   . . .        a - +0 war axe
rCold   . . .        c - +0 buckler
rNeg    . . .        b - +0 scale mail
rPois   .            (helmet unavailable)
rElec   .            (no cloak)
rCorr   .            (no gloves)
SInv    +            (no boots)
Will    .....        (no amulet) Stlth
                     (no ring)
HPRegen 0.26/turn    (no ring)
MPRegen 0.09/turn

%: no passive effects
@: no status effects
A: permanent stasis, dig shafts and tunnels, antennae 3, four strong arms
a: Dig, Shaft Self


You were on level 2 of the Dungeon.
You visited 1 branch of the dungeon, and saw 2 of its levels.

You collected 87 gold pieces.

Inventory:

Hand Weapons
 a - a +0 war axe (weapon)
Armour
 b - a +0 scale mail (worn)
 c - a +0 buckler (worn)
 m - a +0 leather armour
Scrolls
 f - a scroll of noise {unknown}
 g - a scroll of acquirement {unknown}
 j - a scroll of identify {unknown}
 l - a scroll of butterflies {unknown}
 n - a scroll of enchant weapon {unknown}
Potions
 d - 4 potions of might
 e - 2 potions of degeneration {unknown}
 h - 2 potions of heal wounds {unknown}
 i - a potion of mutation {unknown}
 k - a potion of attraction {unknown}
 o - a potion of resistance {unknown}


   Skills:
 * Level 3.7 Fighting
 * Level 3.2 Axes
 * Level 3.8 Armour
 * Level 4.3 Shields


You had 3 spell levels left.
You didn't know any spells.
Your spell library contained the following spells:

 Spells                   Type           Power      Damage    Failure   Level
 Necrotise                Necr           0%         1d4       80%         1
 Vampiric Draining        Necr           0%         2d6       99%         3
 Agony                    Necr           0%         N/A       100%        5


Dungeon Overview and Level Annotations

Branches:
Dungeon (2/15)

Altars:

Shops:
D:1 (


Innate Abilities, Weirdness & Mutations

You cannot be hasted, slowed, berserked, paralysed or teleported.
You can dig through walls and to a lower floor.
You have a pair of large antennae on your head. (SInv)
Your four strong arms can wield two-handed weapons with a shield.


Message History

The gnoll shouts! x3
The gnoll barely misses you. The gnoll hits you but does no damage.
You slash the gnoll!
The gnoll is severely wounded.
The gnoll hits you from afar with a +0 spear. x2
You hit the gnoll.
You kill the gnoll!
The gnoll hits you from afar with a +0 spear.
You block the gnoll's attack.
Your Axes skill increases to level 3!
You have reached level 4!
You feel stronger.
A worm comes into view.
The gnoll completely misses you. The gnoll hits you but does no damage.
Unknown command.
You closely miss the gnoll. You slash the gnoll!
The gnoll hits you with a +0 spear. x4
Unknown command.
You slash the gnoll!
You kill the gnoll!
You hit the gnoll. The gnoll hits you with a +0 spear!
* * * LOW HITPOINT WARNING * * *
Unknown command.
You block the gnoll's attack.
You hit the gnoll.
The gnoll is severely wounded.
The gnoll barely misses you.
Unknown command.
You slash the worm!
The worm is almost dead.
You closely miss the gnoll. The gnoll hits you with a +0 spear.
* * * LOW HITPOINT WARNING * * *
The worm closely misses you. The gnoll hits you with a +0 spear.
* * * LOW HITPOINT WARNING * * *
Unknown command.
You barely miss the gnoll.
The gnoll is severely wounded.
You hit the worm. The gnoll hits you with a +0 spear.
You die...

....# #.........## #####
##.#####.### ###
##...####.# #..
..........#
#.####...###.##
#.........†...#
.######..####.####._####
.......g)# #......><...
#w@.# #.####..#.#.
##).####.####..#.#. {
{{#.<...........#.#.
#..####.#####.#.#. #...
..... ..#.#. { {
#.#####.### ###.#. .##
#.# #.#. .# #.# .. #.
#.. .


You could see a worm and a gnoll.

Vanquished Creatures
  2 gnolls (D:2)
  An adder (D:2)
  2 adder zombies (D:2)
  An adder skeleton (D:2)
  3 ball pythons
  A bat zombie (D:2)
  3 endoplasms
  A giant cockroach (D:1)
  2 goblins (D:1)
  2 hobgoblins (D:1)
  A bat (D:1)
  2 frilled lizards (D:2)
  3 kobolds (D:1)
  2 quokka skeletons (D:2)
  2 rats
28 creatures vanquished.

Notes
Turn   | Place    | Note
-------+----------+-------------------------------------------
     0 | D:1      | GigaChad the Formicid Fighter began the quest for the Orb.
     0 | D:1      | Reached XP level 1. HP: 18/18 MP: 1/1
    96 | D:1      | Reached XP level 2. HP: 23/24 MP: 2/2
   233 | D:1      | Found Suaveru's Antique Weapon Emporium.
   726 | D:2      | Reached XP level 3. HP: 29/29 MP: 3/3
   921 | D:2      | Found a faded altar of an unknown god.
   953 | D:2      | Reached XP level 4. HP: 26/37 MP: 4/4
   958 | D:2      | HP: 1/37 [gnoll/+0 spear (4)]
   959 | D:2      | Slain by a gnoll

Illustrated notes

Levels and vault maps discovered:
D:1:      matt_arrival_los_fun, layout_basic, serial_shops,
          nicolae_shop_overgrown_old_shop
D:2:      layout_loops_ring, serial_undead, serial_undead_a, serial_undead_a,
          serial_undead_d, serial_undead_c, serial_undead_c, serial_undead_c,
          basic_ecumenical_altar, minmay_joined_circles

Skill      XL: |  1  2  3 |
---------------+----------+-----
Axes           | 3 |  3.2
Fighting       | |  3.7
Armour         | |  3.8
Shields        | |  4.3

Action                     |  1- 3 |  4- 6 || total
---------------------------+-------+-------++-------
  Melee: War axe           |    62 |     5 ||    67
Ability: Dig               |    12 |       ||    12
 Armour: Scale mail        |    40 |     1 ||    41
  Dodge: Dodged            |    25 |     3 ||    28
  Block: Buckler           |    20 |     1 ||    21
